Map: King Sejong Station LE

Players

blackxored - Winner!

  • Race: Zerg Zerg
  • League: Diamond

llllllllll

  • Race: Terran Terran
  • League: Platinum

VOD

Have the link to the VOD?

Description

Time

  • Played on: July 1, 2016, 9:48 a.m.
  • Length: 5:20
Show
View Real Time Build Order
Export as new Build Order

blackxored Zerg - Winner!

Build Orders: Hatch First 

Get SALT Encoding   

  12  0:02  Drone  
  13  0:10  Drone  
  14  0:17  Overlord  
  14  0:24  Extractor  
  14  0:25  Drone  
  15  0:37  Drone x2  
  17  0:53  Hatchery  
  17  0:56  Drone  
  17  0:59  Drone  
  18  1:10  Extractor  
  17  1:16  Spawning Pool  
  17  1:17  Drone  
  17  1:21  Drone  
  18  1:28  Drone  
  19  1:41  Overlord  
  19  1:54  Drone  
  20  2:03  Queen  
  20  2:04  Queen  
  20  2:06  Zergling x4  
  27  2:22  Drone  
  27  2:23  Drone x2  
  27  2:28  Extractor  
  28  2:55  Drone x2  
  28  2:56  Drone x4  
  33  3:00  Metabolic Boost  
  33  3:01  Baneling Nest  
  32  3:06  Drone  
  32  3:09  Overlord  
  33  3:16  Zergling x6  
  36  3:27  Overlord  
  35  3:34  Zergling x6  
  35  3:35  Zergling x4  
  40  3:44  Zergling x4  
  42  3:52  Zergling x8  
  46  3:58  Zergling x2  
  47  4:09  Zergling x4  
  50  4:10  Zergling x4  
  50  4:14  Zergling x2  
  51  4:19  Overlord  
  51  4:37  Overlord  
  51  4:39  Zergling x12  
Show
View Real Time Build Order
Export as new Build Order

llllllllll Terran 

Build Orders:  

Get SALT Encoding   

  12  0:00  SCV  
  13  0:12  SCV  
  14  0:17  Supply Depot  
  14  0:25  SCV  
  15  0:39  SCV  
  15  0:40  Barracks  
  16  0:45  Refinery  
  16  0:52  SCV  
  17  1:04  SCV  
  18  1:16  SCV  
  19  1:27  Reaper  
  19  1:29  SCV  
  21  1:47  Command Center, Orbital Command  
  21  2:10  Factory  
  21  2:12  Supply Depot  
  21  2:15  SCV  
  21  2:22  Barracks Reactor  
  22  2:28  SCV  
  23  2:40  SCV  
  24  2:52  SCV  
  25  3:02  Orbital Command  
  25  3:04  SCV  
  26  3:06  Supply Depot, Barracks Tech Lab  
  26  3:07  Hellion x2  
  30  3:24  SCV  
  31  3:28  Supply Depot, Barracks  
  31  3:34  Refinery  
  31  3:35  Barracks  
  31  3:37  SCV  
  31  3:39  SCV  
  33  3:43  Hellion  
  33  3:47  Hellion  
  37  3:49  SCV  
  37  3:55  Starport, Marine  
  39  3:59  SCV  
  39  4:01  SCV  
  38  4:30  Supply Depot  
  38  4:31  Supply Depot  
  38  4:32  Supply Depot  
  38  4:34  Hellion x2  
  42  4:39  Supply Depot  
  42  4:52  Marine x3  
Tags
 
Add a new tag
Caveats
  • Supply blocks, unpowered buildings, or Contaminate may cause inaccurate times.
  • Supply counts are checked every 10 seconds.